 Dungeon Crawl Stone Soup version 0.29.1-1-gd02db69 (webtiles) character file.

Game seed: 14191900676665996248

123 Timinator the Insei (level 4, -1/54 HPs)
             Began as a Demigod Transmuter on Jan 12, 2023.
             Slain by an ogre
             ... wielding a +0 giant spiked club
              (7 damage)
             ... on level 3 of the Dungeon.
             The game lasted 00:06:01 (2052 turns).

Timinator the Insei (Demigod Transmuter)            Turns: 2052, Time: 00:06:02

Health: -1/54      AC: 22    Str: 11    XL:     4   Next: 51%
Magic:  6/9        EV:  2    Int: 15    God:
Gold:   114        SH:  0    Dex: 18    Spells: 4/7 levels left

rFire   . . .      SeeInvis .     - Unarmed
rCold   . . .      Faith    .   (no shield)
rNeg    . . .      Spirit   .   (body armour currently unavailable)
rPois   +          Reflect  .   (helmet currently unavailable)
rElec   .          Harm     .   (cloak currently unavailable)
rCorr   .          Rampage  .   (gloves currently unavailable)
Will    .....      NoTele   +   (boots currently unavailable)
Stlth   ++........              (no amulet)
HPRegen 0.18/turn               (no ring)
MPRegen 0.11/turn               (no ring)

@: lethally poisoned (-1 -> -6), tree-form, very slightly contaminated
A: stationary, stasis, torment immunity, boosted hp, high MP 1, forlorn, divine
attributes
a: no special abilities


You were on level 3 of the Dungeon.
You were a tree.
You visited 1 branch of the dungeon, and saw 3 of its levels.

You collected 114 gold pieces.

Inventory:

Missiles
 e - 5 javelins (quivered)
Armour
 p - a +0 ring mail
 r - a +0 leather armour (melded)
Wands
 l - a wand of charming (8)
 q - a wand of iceblast (10)
Scrolls
 d - 3 scrolls of poison {unknown}
 g - 4 scrolls of teleportation {unknown}
 h - 2 scrolls of identify {unknown}
 j - a scroll of torment {unknown}
 o - a scroll of noise {unknown}
Potions
 c - a potion of mutation {unknown}
 f - a potion of heal wounds {unknown}
 i - 3 potions of flight {unknown}
 k - a potion of magic {unknown}
 m - a potion of might {unknown}
 n - 2 potions of curing {unknown}


   Skills:
 * Level 2.0 Fighting
 * Level 1.2 Armour
 + Level 2.1 Dodging
 + Level 3.6 Unarmed Combat
 - Level 2.0 Spellcasting
 + Level 2.5 Transmutations


You had 4 spell levels left.
You knew the following spells:

 Your Spells              Type           Power      Damage    Failure   Level
a - Beastly Appendage     Tmut           18%        N/A       8%          1
b - Wereblood             Tmut           9%         N/A       12%         2

Your spell library contained the following spells:

 Spells                   Type           Power      Damage    Failure   Level
 Magic Dart               Conj           4%         1d3       22%         1
 Call Imp                 Summ           1%         N/A       32%         2
 Spider Form              Tmut/Pois      5%         N/A       36%         3
 Mephitic Cloud           Conj/Pois/Air  1%         N/A       54%         3
 Ozocubu's Armour         Ice            1%         N/A       54%         3
 Ice Form                 Ice/Tmut       5%         N/A       78%         4
 Metabolic Englaciation   Hex/Ice        0%         N/A       99%         5
 Simulacrum               Ice/Necr       0%         N/A       100%        6


Dungeon Overview and Level Annotations

Branches:
Dungeon (3/15)


Innate Abilities, Weirdness & Mutations

You are a tree.
Your roots penetrate the ground, keeping you stationary.
You cannot be teleported.
You are immune to unholy pain and torment.
Your maximum health is greatly increased.
Your equipment is partially melded.
You have an increased reservoir of magic. (+10% MP)
You shall have no god before yourself.
Your divine heritage dramatically boosts your attributes as you level up.


Message History

Okay, then.
You hit the frilled lizard but do no damage.
Your kick misses the frilled lizard. You headbutt the frilled lizard.
You kill the frilled lizard!
You feel sick.
You hit the adder. You claw the adder. Your headbutt misses the adder.
The adder is severely wounded.
You feel sick. The adder closely misses you.
You closely miss the adder. You claw the adder.
The adder is almost dead.
You feel sick. The adder bites you.
You are more poisoned.
The adder poisons you! The adder closely misses you. The adder bites you.
* * * LOW HITPOINT WARNING * * *
You are lethally poisoned!
The adder poisons you! The adder barely misses you.
Really quaff the potion of lignification?
Your horns disappear.
Your talons disappear.
You turn into a tree.
Your +0 leather armour melds into your body.
Your roots penetrate the ground.
* * * LOW HITPOINT WARNING * * *
You feel sick. The adder bites you.
* * * LOW HITPOINT WARNING * * *
The adder bites you but does no damage.
You completely miss the adder.
The adder is almost dead.
* * * LOW HITPOINT WARNING * * *
You feel sick. The adder completely misses you.
The adder bites you but does no damage.
You hit the adder.
You kill the adder!
* * * LOW HITPOINT WARNING * * *
You feel sick. The adder bites you but does no damage.
Your Fighting skill increases to level 2!
You barely miss the ogre.
* * * LOW HITPOINT WARNING * * *
You feel sick. The adder bites you but does no damage.
The ogre hits you with a +0 giant spiked club!
You die...

..##.##.#
#.#.##.#
###..##.#
##..)....#
#.....####
..#.#...#
#......## .
...###...#####
.!.# #!#♣#.†...##
.....#.#OS......#
#.....)...#..#.#
....##.##.....# .
# #.. #.###...
)..$ ... .#..
#.#.. #.## ....
...##. #.. ###.
.#. .. ...


You could see an ogre and an adder.

Vanquished Creatures
  Ijyb (D:3)
  A gnoll (D:3)
  3 adders
  A dart slug (D:2)
  A bat (D:1)
  6 endoplasms
  3 giant cockroaches
  5 goblins
  6 hobgoblins
  5 jackals
  5 quokkas
  5 ball pythons
  2 frilled lizards
  4 kobolds
  6 rats
54 creatures vanquished.

Notes
Turn   | Place    | Note
-------+----------+-------------------------------------------
     0 | D:1      | Timinator the Demigod Transmuter began the quest for the
                  | Orb.
     0 | D:1      | Reached XP level 1. HP: 15/15 MP: 5/5
    62 | D:1      | Reached skill level 1 in Fighting
   195 | D:1      | Reached XP level 2. HP: 23/23 MP: 5/7
   278 | D:1      | Reached skill level 3 in Unarmed Combat
   514 | D:1      | Learned a level 2 spell: Wereblood
   831 | D:2      | Reached XP level 3. HP: 10/28 MP: 6/8
  1886 | D:3      | Noticed Ijyb
  1894 | D:3      | Killed Ijyb
  1895 | D:3      | Reached skill level 1 in Armour
  1895 | D:3      | Reached XP level 4. HP: 26/36 MP: 7/9
  2043 | D:3      | Noticed an ogre
  2052 | D:3      | Slain by an ogre

Illustrated notes

Levels and vault maps discovered:
D:1:      tarquinn_simple_flora_water_b, layout_rooms,
          ebering_ecumenical_altar_webs
D:2:      layout_basic
D:3:      layout_loops_ring, mainiacjoe_overflow_24_doors, lemuel_doored_altar,
          ebering_ghost_sewer_f, minmay_fractal_squares_5,
          uniq_crazy_yiuf_cottage, uniq_jessica, uniq_ijyb

Skill      XL: |  1  2  3  4 |
---------------+-------------+-----
Fighting       | 1 2 |  2.0
Unarmed Combat | 3 |  3.6
Spellcasting   | 2 |  2.0
Transmutations | 2 |  2.5
Dodging        | 2 |  2.1
Armour         | 1 |  1.2

Action                   |  1- 3 |  4- 6 || total
-------------------------+-------+-------++-------
Melee: Unarmed           |   116 |    17 ||   133
       Kick              |    28 |     5 ||    33
       Headbutt          |    18 |     2 ||    20
 Cast: Beastly Appendage |    31 |     2 ||    33
       Wereblood         |     3 |       ||     3
  Use: Potion            |       |     1 ||     1
 Stab: Sleeping          |     1 |       ||     1
Armor: Robe              |    16 |       ||    16
       Skin              |       |     4 ||     4
       Leather armour    |       |     1 ||     1
Dodge: Dodged            |    63 |    15 ||    78
